 Dungeon Crawl Stone Soup version 0.20-a0-903-g7e3609c (webtiles) character file.

191 Wendigo the Slasher (level 5, 0/46 HPs)
             Began as a Draconian Gladiator on Mar 20, 2017.
             Was an Initiate of Wu Jian.
             Slain by a gnoll
             ... wielding a +0 flail
              (7 damage)
             ... on level 2 of the Dungeon.
             The game lasted 00:08:02 (3544 turns).

Wendigo the Slasher (Draconian Gladiator)           Turns: 3544, Time: 00:08:03

Health: 0/46       AC:  6    Str: 17      XL:     5   Next: 42%
Magic:  5/5        EV: 13    Int:  9      God:    Wu Jian [......]
Gold:   93         SH:  0    Dex: 11 (12) Spells: 4/4 levels left

rFire    . . .     SeeInvis .   a - +0 long sword
rCold    . . .     Gourm    .   (armour unavailable)
rNeg     . . .     Faith    .   (no shield)
rPois    .         Spirit   .   b - +0 hat
rElec    .         Reflect  .   (no cloak)
rCorr    .         Harm     .   (no gloves)
MR       .....     Clarity  +   n - +0 pair of boots
Stlth    +.........             (no amulet)
Regen    0.2/turn               (no ring)
MPRegen  0.1/turn               (no ring)

@: no status effects
A: unfitting armour, clarity, mutation resistance 1, cold-blooded, AC +5
a: Renounce Religion


You were on level 2 of the Dungeon.
You worshipped Wu Jian.
Wu Jian was noncommittal.
You were hungry.

You visited 1 branch of the dungeon, and saw 3 of its levels.

You collected 93 gold pieces.

Inventory:

Hand Weapons
 a - a +0 long sword (weapon)
Missiles
 c - 3 throwing nets (quivered)
Armour
 b - a +0 hat (worn)
 n - a +0 pair of boots (worn)
Scrolls
 e - a scroll of blinking {unknown}
 f - 3 scrolls of remove curse
 h - 2 scrolls of identify {unknown}
 k - a scroll of amnesia {unknown}
 l - a scroll of fog {unknown}
 o - a scroll of teleportation {unknown}
Potions
 j - a potion of curing
Comestibles
 d - 3 bread rations
 g - 2 chunks of flesh
 i - 7 fruits
 m - a meat ration


   Skills:
 + Level 3.8 Fighting
 * Level 4.7 Long Blades
 - Level 1.7 Throwing
 + Level 3.5 Dodging


You had 4 spell levels left.
You didn't know any spells.

Dungeon Overview and Level Annotations

Branches:
Dungeon (3/15)

Altars:
Dithmenos
Trog
Wu Jian


Innate Abilities, Weirdness & Mutations

Your plain brown scales are hard. (AC +5)
You cannot fit into any form of body armour.
You are cold-blooded and may be slowed by cold attacks.
You possess an exceptional clarity of mind.
You are somewhat resistant to further mutation.


Message History

The Council accepts your kill. The gnoll closely misses you.
There is a stone staircase leading up here.
The gnoll hits you with a spear. The gnoll hits you with a flail.
The gnoll hits you with a halberd!
You climb upwards.
There is a stone staircase leading down here.
Okay, then.
Okay, then.
You barely miss the gnoll. The gnoll closely misses you.
The gnoll hits you with a flail!
* * * LOW HITPOINT WARNING * * *
The gnoll hits you but does no damage. The gnoll closely misses you.
You hit the gnoll but do no damage.
Your tail-slap misses the gnoll.
The gnoll hits you with a halberd.
* * * LOW HITPOINT WARNING * * *
The gnoll barely misses you. The gnoll hits you but does no damage.
You hit the gnoll but do no damage. The gnoll hits you but does no damage.
The gnoll hits you with a flail!
You die...

##### ####
#...# #...
#...# #########
#... #...#
#.>.....# #.##
#...#########
#.......# #.#
#....รท......##
#...[<..# #.##
#...#######..#
#...)...# #...
##...#
##g###.......#
#.## #....#
#g@g........#
#.# ###....#
#####.......#
#.## #......#
#.......####...
#.######
####..#.......#
#.#
#..####..###
###
#..###......
#..##..##...
#####
###.....####..
#...###########
#....#### #..


You could see 3 gnolls.

Vanquished Creatures
  Ijyb (D:2)
  6 adders
  4 gnolls
  An ooze (D:1)
  4 worms
  A dart slug (D:2)
  5 orcs
  2 giant cockroaches
  2 goblins (D:3)
  6 hobgoblins
  4 jackals (D:1)
  4 kobolds
  A quokka (D:3)
  5 bats
  5 frilled lizards
  7 rats
58 creatures vanquished.

Notes
Turn   | Place    | Note
-------+----------+-------------------------------------------
     0 | D:1      | Wendigo the Draconian Gladiator began the quest for the Orb.
     0 | D:1      | Reached XP level 1. HP: 17/17 MP: 1/1
   157 | D:1      | Reached XP level 2. HP: 18/24 MP: 2/2
  1156 | D:2      | Reached XP level 3. HP: 30/30 MP: 3/3
  1178 | D:2      | Found a bloodstained altar of Trog.
  1284 | D:2      | HP: 1/31 [gnoll/flail (7)]
  1288 | D:1      | Gained mutation: You are somewhat resistant to further mutation. [potion of mutation]
  1288 | D:1      | Gained mutation: You possess an exceptional clarity of mind. [potion of mutation]
  1563 | D:2      | Reached skill level 4 in Long Blades
  1644 | D:2      | Reached XP level 4. HP: 38/38 MP: 4/4
  1662 | D:2      | Found an ornate altar of the Wu Jian Council.
  1678 | D:2      | Became a worshipper of the Wu Jian Council
  1803 | D:2      | Found a shadowy altar of Dithmenos.
  2721 | D:3      | Noticed Ijyb
  2757 | D:2      | Killed Ijyb
  2757 | D:2      | Reached XP level 5. HP: 46/46 MP: 5/5
  3544 | D:2      | Slain by a gnoll

Vault maps used:
D:1:      mainiacjoe_arrival_reflecting_pool, lemuel_flame_loot_1
D:2:      nicolae_overflow_crystal_walls, nicolae_overflow_hidden_temple,
          lemuel_doored_altar
D:3:      first_bread, kennysheep_crisscross, uniq_iyjb, uniq_jessica

Skill      XL: |  1  2  3 |
---------------+----------+-----
Dodging        | 3 |  3.5
Fighting       | 3 |  3.8
Long Blades    | 4 |  4.7
Throwing       | |  1.7

Action                   |  1- 3 |  4- 6 || total
-------------------------+-------+-------++-------
Melee: Long sword        |    58 |   137 ||   195
       Tailslap          |     8 |    21 ||    29
Throw: Throwing net      |       |     1 ||     1
  Use: Potion            |     4 |       ||     4
       Scroll            |     1 |       ||     1
 Stab: Sleeping          |     1 |       ||     1
  Eat: Chunk             |     1 |     7 ||     8
Armor: Skin              |    15 |    42 ||    57
Dodge: Dodged            |    52 |    81 ||   133
       Rpst.: Long sword |    13 |    23 ||    36
